 Dungeon Crawl Stone Soup version 0.29.0-4-gdea44cf6ec (webtiles) character file.

Game seed: 3422013472369590272

112 qw the Caller (level 4, -11/37 HPs)
             Began as a Ghoul Summoner on Sept 10, 2022.
             Mangled by an orc warrior
             ... wielding a +0 dire flail
              (13 damage)
             ... on level 3 of the Dungeon.
             The game lasted 00:00:51 (3600 turns).

qw the Caller (Ghoul Summoner)                      Turns: 3600, Time: 00:00:51

Health: -11/37     AC:  5    Str: 13      XL:     4   Next: 95%
Magic:  2/5        EV: 12    Int:  8 (10) God:
Gold:   38         SH:  0    Dex:  9      Spells: 5/6 levels left

rFire   . . .      SeeInvis +   Y - +1 hand axe (venom)
rCold   + . .      Faith    .   (no shield)
rNeg    + + +      Spirit   .   a - +0 robe
rPois   inf        Reflect  .   i - +1 helmet
rElec   .          Harm     .   (no cloak)
rCorr   .          Rampage  .   (no gloves)
Will    .....                   c - +0 pair of boots
Stlth   ++........              (no amulet)
HPRegen 0.00/turn               b - ring of see invisible
MPRegen 0.09/turn               (no ring)

@: inhibited regen
A: claws 1, cold resistance 1, negative energy resistance 3, inhibited
regeneration, torment resistance 2, devour on kill
a: no special abilities


You were on level 3 of the Dungeon.
You visited 1 branch of the dungeon, and saw 3 of its levels.

You collected 38 gold pieces.


Innate Abilities, Weirdness & Mutations

You are immune to poison.
You have sharp fingernails.
Your flesh is cold resistant. (rC+)
You are immune to negative energy. (rN+++)
You do not regenerate when monsters are visible.
You are immune to unholy pain and torment.
You thrive by killing the living.


   Skills:
 - Level 2.7 Fighting
 + Level 3.0 Axes
 - Level 1.7 Dodging
 - Level 2.1 Stealth
 - Level 1.7 Spellcasting
 - Level 3.6 Summonings


You had 5 spell levels left.
You knew the following spells:

 Your Spells              Type           Power      Damage    Failure   Level
a - Summon Small Mammal   Summ           24%        N/A       9%          1

Your spell library contained the following spells:

 Spells                   Type           Power      Damage    Failure   Level
 Call Imp                 Summ           6%         N/A       13%         2
 Call Canine Familiar     Summ           6%         N/A       26%         3
 Summon Guardian Golem    Hex/Summ       3%         N/A       47%         3
 Summon Lightning Spire   Summ/Air       3%         N/A       87%         4

Inventory:

Hand Weapons
 f - a +1 vampiric whip
 Y - a +1 hand axe of venom (weapon)
Armour
 a - a +0 robe (worn)
 c - a +0 pair of boots (worn)
 i - a +1 helmet (worn)
Jewellery
 b - a ring of see invisible (left claw)
Scrolls
 g - a scroll of identify

Dungeon Overview and Level Annotations

Branches:
Dungeon (3/15)

Altars:
Trog

Annotations:
D:1 1 runed translucent door


Message History

3589 ||| CASTING Summon Small Mammal
Casting: Summon Small Mammal (safe; 9% risk of failure)
Confirm with . or Enter, or press ? or * to list all spells.
The orc wizard closely misses your rat.
3590 ||| CASTING Summon Small Mammal
Casting: Summon Small Mammal (safe; 9% risk of failure)
Confirm with . or Enter, or press ? or * to list all spells.
The orc wizard hits your rat with a +0 dagger.
Your rat dies!
Your rat's corpse disappears in a puff of smoke!
3591 ||| CASTING Summon Small Mammal
Casting: Summon Small Mammal (safe; 9% risk of failure)
Confirm with . or Enter, or press ? or * to list all spells.
3592 ||| Stepping ~*~*~tactically~*~*~ (hiding).
You start resting.
An orc warrior is nearby!
3595 ||| CASTING Summon Small Mammal
Casting: Summon Small Mammal (safe; 9% risk of failure)
Confirm with . or Enter, or press ? or * to list all spells.
Your rat disappears in a puff of smoke!
You hit the orc warrior.
The orc warrior is lightly wounded.
The orc warrior misses you.
You barely miss the orc warrior.
The orc warrior is lightly wounded.
The orc warrior hits you with a +0 dire flail!
You hit the orc warrior but do no damage.
The orc warrior is poisoned.
The orc warrior is lightly wounded.
The orc warrior hits you with a +0 dire flail!
The orc warrior closely misses you.
You hit the orc warrior.
The orc warrior looks as sick as possible!
The orc warrior is moderately wounded.
The orc warrior hits you with a +0 dire flail!
You hit the orc warrior but do no damage.
The orc warrior looks as sick as possible!
The orc warrior is severely wounded.
The orc warrior hits you with a +0 dire flail!
You die...

..# ..# .. o. o# .#
#####.##### #rb@oo....#
#. . #.###.###.# #.#####.
###.###.###.# ...#..
#..:.....##.# #.#.##
#.#.#..#.##.# #....#
...#.#....##.######....
#.......................
#....#.........#####.#...
#...#.####.#..###
##.###.#


You could see an orc warrior (extremely poisoned, ally target), an orc wizard, a
friendly bat (summoned) and a friendly rat (summoned).

Vanquished Creatures
  Natasha (thrice) (D:2)
  2 worms (D:2)
  2 bats
  3 endoplasms (D:1)
  A giant cockroach (D:1)
  2 goblins
  A hobgoblin (D:1)
  2 kobolds (D:1)
  A quokka (D:1)
  2 ball pythons
  A rat (D:1)
20 creatures vanquished.

Vanquished Creatures (collateral kills)
  4 ball pythons
  2 hobgoblins
  2 frilled lizards
  A goblin (D:1)
  2 rats
11 creatures vanquished.

Grand Total: 31 creatures vanquished

Notes
Turn   | Place    | Note
-------+----------+-------------------------------------------
     0 | D:1      | qw the Ghoul Summoner began the quest for the Orb.
     0 | D:1      | Reached XP level 1. HP: 14/14 MP: 2/2
     0 | D:1      | 0 ||| qw: Version: 0.1-a-116-g5d60599
     0 | D:1      | 0 ||| qw: Game counter: 7527
     0 | D:1      | 0 ||| qw: Always use a shield: true
     0 | D:1      | 0 ||| qw: God list: Okawaru
     0 | D:1      | 0 ||| qw: Allow faded altars: false
     0 | D:1      | 0 ||| qw: Do Orc after D:15 true
     0 | D:1      | 0 ||| qw: Do second Lair branch before Depths: true
     0 | D:1      | 0 ||| qw: Lair rune preference: random
     0 | D:1      | 0 ||| qw: Plans: Normal
     0 | D:1      | 0 ||| PLANNING D:1-11
     1 | D:1      | Found a runed translucent door.
    15 | D:1      | 15 ||| CASTING Summon Small Mammal
    16 | D:1      | 16 ||| CASTING Summon Small Mammal
    59 | D:1      | 59 ||| CASTING Summon Small Mammal
    60 | D:1      | 60 ||| CASTING Summon Small Mammal
    86 | D:1      | 86 ||| Wielding weapon +0 dagger.
    88 | D:1      | 88 ||| CASTING Summon Small Mammal
    89 | D:1      | 89 ||| CASTING Summon Small Mammal
   101 | D:1      | 101 ||| CASTING Summon Small Mammal
   241 | D:1      | 241 ||| CASTING Summon Small Mammal
   242 | D:1      | 242 ||| CASTING Summon Small Mammal
   246 | D:1      | Reached skill level 1 in Axes
   366 | D:1      | 366 ||| CASTING Summon Small Mammal
   367 | D:1      | 367 ||| CASTING Summon Small Mammal
   563 | D:1      | 563 ||| SWAPPING to +1 vampiric whip.
   564 | D:1      | 564 ||| DROPPING +0 dagger.
   610 | D:1      | 610 ||| CASTING Summon Small Mammal
   611 | D:1      | 611 ||| CASTING Summon Small Mammal
   617 | D:1      | Reached XP level 2. HP: 22/22 MP: 0/3
   648 | D:1      | 648 ||| SWAPPING to +1 hand axe of venom.
   697 | D:1      | 697 ||| CASTING Summon Small Mammal
   698 | D:1      | 698 ||| CASTING Summon Small Mammal
   699 | D:1      | 699 ||| CASTING Summon Small Mammal
   707 | D:1      | Reached skill level 1 in Fighting
   744 | D:1      | 744 ||| CASTING Summon Small Mammal
   745 | D:1      | 745 ||| CASTING Summon Small Mammal
   746 | D:1      | 746 ||| CASTING Summon Small Mammal
   789 | D:1      | 789 ||| CASTING Summon Small Mammal
   790 | D:1      | 790 ||| CASTING Summon Small Mammal
   791 | D:1      | 791 ||| CASTING Summon Small Mammal
   839 | D:1      | 839 ||| CASTING Summon Small Mammal
   840 | D:1      | 840 ||| CASTING Summon Small Mammal
   841 | D:1      | 841 ||| CASTING Summon Small Mammal
   931 | D:1      | 931 ||| CASTING Summon Small Mammal
   932 | D:1      | 932 ||| CASTING Summon Small Mammal
   933 | D:1      | 933 ||| CASTING Summon Small Mammal
   988 | D:1      | 988 ||| CASTING Summon Small Mammal
   989 | D:1      | 989 ||| CASTING Summon Small Mammal
   990 | D:1      | 990 ||| CASTING Summon Small Mammal
  1056 | D:1      | 1056 ||| CASTING Summon Small Mammal
  1057 | D:1      | 1057 ||| CASTING Summon Small Mammal
  1058 | D:1      | 1058 ||| CASTING Summon Small Mammal
  1173 | D:1      | 1173 ||| CASTING Summon Small Mammal
  1174 | D:1      | 1174 ||| CASTING Summon Small Mammal
  1212 | D:1      | 1212 ||| CASTING Summon Small Mammal
  1213 | D:1      | 1213 ||| CASTING Summon Small Mammal
  1214 | D:1      | 1214 ||| CASTING Summon Small Mammal
  1333 | D:1      | 1333 ||| CASTING Summon Small Mammal
  1334 | D:1      | 1334 ||| CASTING Summon Small Mammal
  1335 | D:1      | 1335 ||| CASTING Summon Small Mammal
  1372 | D:1      | You fall into a shaft and drop 1 floor!
  1411 | D:2      | 1411 ||| UPGRADING to +0 pair of boots.
  1416 | D:2      | 1416 ||| UPGRADING to +1 helmet.
  1421 | D:2      | 1421 ||| READING scroll labelled ANEOSU WIOBBIV.
  1422 | D:2      | 1422 ||| READING scroll labelled BIOTHR LOAKHLOA.
  1423 | D:2      | 1423 ||| DRINKING 2 bubbling yellow potions.
  1424 | D:2      | 1424 ||| DROPPING potion of magic.
  1425 | D:2      | 1425 ||| DROPPING potion of degeneration.
  1558 | D:1      | 1558 ||| CASTING Summon Small Mammal
  1559 | D:1      | 1559 ||| CASTING Summon Small Mammal
  1560 | D:1      | 1560 ||| CASTING Summon Small Mammal
  1688 | D:1      | 1688 ||| CASTING Summon Small Mammal
  1689 | D:1      | 1689 ||| CASTING Summon Small Mammal
  1714 | D:1      | 1714 ||| UPGRADING to ring of see invisible.
  1813 | D:2      | Found a faded altar of an unknown god.
  1828 | D:2      | 1828 ||| CASTING Summon Small Mammal
  1829 | D:2      | 1829 ||| CASTING Summon Small Mammal
  1830 | D:2      | 1830 ||| CASTING Summon Small Mammal
  1899 | D:2      | 1899 ||| Stepping ~*~*~tactically~*~*~ (stealth).
  1911 | D:2      | 1911 ||| CASTING Summon Small Mammal
  1912 | D:2      | 1912 ||| CASTING Summon Small Mammal
  1913 | D:2      | 1913 ||| CASTING Summon Small Mammal
  1916 | D:2      | Reached XP level 3. HP: 28/28 MP: 0/4
  1922 | D:2      | 1922 ||| CASTING Summon Small Mammal
  1980 | D:2      | 1980 ||| CASTING Summon Small Mammal
  1981 | D:2      | 1981 ||| CASTING Summon Small Mammal
  1982 | D:2      | 1982 ||| CASTING Summon Small Mammal
  1983 | D:2      | 1983 ||| CASTING Summon Small Mammal
  2073 | D:2      | 2073 ||| CASTING Summon Small Mammal
  2074 | D:2      | 2074 ||| CASTING Summon Small Mammal
  2075 | D:2      | 2075 ||| CASTING Summon Small Mammal
  2115 | D:2      | 2115 ||| CASTING Summon Small Mammal
  2116 | D:2      | 2116 ||| CASTING Summon Small Mammal
  2117 | D:2      | 2117 ||| CASTING Summon Small Mammal
  2118 | D:2      | 2118 ||| CASTING Summon Small Mammal
  2126 | D:2      | 2126 ||| CASTING Summon Small Mammal
  2174 | D:2      | Noticed Natasha
  2175 | D:2      | 2175 ||| Stepping ~*~*~tactically~*~*~ (hiding).
  2277 | D:2      | 2277 ||| Stepping ~*~*~tactically~*~*~ (hiding).
  2379 | D:2      | 2379 ||| Stepping ~*~*~tactically~*~*~ (hiding).
  2481 | D:2      | 2481 ||| CASTING Summon Small Mammal
  2482 | D:2      | 2482 ||| CASTING Summon Small Mammal
  2488 | D:2      | Killed Natasha
  2489 | D:2      | Reached XP level 4. HP: 20/37 MP: 3/5
  2617 | D:2      | Noticed Natasha
  2618 | D:2      | 2618 ||| CASTING Summon Small Mammal
  2619 | D:2      | 2619 ||| CASTING Summon Small Mammal
  2629 | D:2      | Killed Natasha
  2670 | D:2      | Noticed Natasha
  2671 | D:2      | 2671 ||| CASTING Summon Small Mammal
  2672 | D:2      | 2672 ||| CASTING Summon Small Mammal
  2673 | D:2      | 2673 ||| CASTING Summon Small Mammal
  2674 | D:2      | 2674 ||| CASTING Summon Small Mammal
  2675 | D:2      | 2675 ||| CASTING Summon Small Mammal
  2678 | D:2      | Killed Natasha
  2679 | D:2      | Reached skill level 3 in Axes
  2869 | D:2      | 2869 ||| CASTING Summon Small Mammal
  2870 | D:2      | 2870 ||| CASTING Summon Small Mammal
  2871 | D:2      | 2871 ||| CASTING Summon Small Mammal
  2872 | D:2      | 2872 ||| CASTING Summon Small Mammal
  2873 | D:2      | 2873 ||| CASTING Summon Small Mammal
  2947 | D:2      | Found a bloodstained altar of Trog.
  2960 | D:2      | 2960 ||| CASTING Summon Small Mammal
  2961 | D:2      | 2961 ||| CASTING Summon Small Mammal
  2962 | D:2      | 2962 ||| CASTING Summon Small Mammal
  2963 | D:2      | 2963 ||| CASTING Summon Small Mammal
  2964 | D:2      | 2964 ||| CASTING Summon Small Mammal
  3357 | D:2      | 3357 ||| READING scroll labelled MUGUGH XE BUW.
  3358 | D:2      | 3358 ||| READING scroll labelled XITEUT JEOLL.
  3359 | D:2      | 3359 ||| READING 2 scrolls labelled QOYHE FIRE.
  3381 | D:3      | 3381 ||| CASTING Summon Small Mammal
  3382 | D:3      | 3382 ||| CASTING Summon Small Mammal
  3383 | D:3      | 3383 ||| CASTING Summon Small Mammal
  3384 | D:3      | 3384 ||| CASTING Summon Small Mammal
  3385 | D:3      | 3385 ||| CASTING Summon Small Mammal
  3392 | D:3      | 3392 ||| CASTING Summon Small Mammal
  3486 | D:3      | Noticed an orc warrior
  3487 | D:3      | 3487 ||| Stepping ~*~*~tactically~*~*~ (hiding).
  3589 | D:3      | 3589 ||| CASTING Summon Small Mammal
  3590 | D:3      | 3590 ||| CASTING Summon Small Mammal
  3591 | D:3      | 3591 ||| CASTING Summon Small Mammal
  3592 | D:3      | 3592 ||| Stepping ~*~*~tactically~*~*~ (hiding).
  3595 | D:3      | 3595 ||| CASTING Summon Small Mammal
  3599 | D:3      | HP: 2/37 [orc warrior/+0 dire flail (16)]
  3600 | D:3      | Mangled by an orc warrior

Levels and vault maps discovered:
D:1:      dpeg_arrival_caged_fury, layout_basic, feat_on_display
D:2:      layout_basic, basic_altar, ebering_ecumenical_altar_rust, uniq_natasha
D:3:      minmay_roachtagon, layout_loops_corners,
          hellmonk_ghost_happy_afterlife, kennysheep_donut

Skill      XL: |  1  2  3  4 |
---------------+-------------+-----
Axes           | 1 2 3 |  3.0
Fighting       | 1 2 |  2.7
Dodging        | |  1.7
Stealth        | |  2.1
Spellcasting   | |  1.7
Summonings     | |  3.6

Action                   |  1- 3 |  4- 6 || total
-------------------------+-------+-------++-------
Melee: Dagger            |    17 |       ||    17
       Unarmed           |     1 |       ||     1
       Hand axe          |    40 |    23 ||    63
       Punch             |     1 |       ||     1
 Cast: Summon Small Mamm |    65 |    25 ||    90
  Use: Scroll            |     2 |     3 ||     5
       Potion            |     1 |       ||     1
Armor: Robe              |     7 |     3 ||    10
Dodge: Dodged            |    23 |    10 ||    33

Table legend:
 A = Non-vault XP
 B = Vault XP
 C = Vault XP percentage of total XP
 D = Non-vault monster count
 E = Vault monster count
 F = Vault count percentage of total count
                 A         B        C        D         E       F
            +---------+---------+-------+---------+---------+-------
      Total |     124 |      37 |  23.0 |      30 |       1 |   3.2
            +---------+---------+-------+---------+---------+-------
        D:1 |      31 |       0 |   0.0 |      19 |       0 |   0.0
        D:2 |      89 |      37 |  29.4 |       9 |       1 |  10.0
        D:3 |       4 |       0 |   0.0 |       2 |       0 |   0.0
            +---------+---------+-------+---------+---------+-------
